[Event "Team 45 45 League T32"]
[Site "Internet Chess Club"]
[Date "2007.01.20"]
[Round "1"]
[White "ivanson"]
[Black "bobhill"]
[Result "0-1"]
[WhiteElo "1896"]
[BlackElo "2016"]
[ECO "B22"]
[TimeControl "2700+45"]

1. e4 c5 2. c3 d5 3. exd5 Qxd5 4. d4 Nf6 5. Nf3 Bg4 6. dxc5 Qxd1+ 7. Kxd1 Bxf3+
8. gxf3 e6 9. b4 a6 10. Nd2 Be7 11. Nc4 Nc6 12. Kc2 O-O 13. Bf4 Rfd8 14. Nb6 Ra7
15. Bc7 Re8 16. Rd1 a5 17. b5 Bxc5 18. bxc6 bxc6 19. Na4 Bxf2 20. Bb6 Bxb6 21.
Nxb6 Rb8 22. Nc4 Rab7 23. Bd3 Nd5 24. Kd2 a4 25. Rb1 g6 26. Rxb7 Rxb7 27. Rb1
Ra7 28. a3 Nf4 29. Bc2 Rd7+ 30. Ke1 Rd5 31. Rb4 Rh5 32. Nd2 Nd5 33. Rb8+ Kg7 34.
Bxa4 Rxh2 35. Bxc6 Nxc3 36. Ne4 Rh1+ 37. Kd2 Nb1+ 38. Kd3 Nxa3 39. Ra8 Rc1 40.
Nc3 Nb1 41. Nxb1 Rxc6 42. Ra7 h5 43. Nc3 Rc5 44. Ne4 Rf5 45. Ke3 g5 46. Nd6 Rf4
47. Ne4 Kg6 48. Ra8 f6 49. Rg8+ Kf7 50. Ra8 h4 51. Nd6+ Ke7 52. Ne4 Rf5 53. Ra7+
Kf8 54. Ra8+ Kg7 55. Ra7+ Kg6 56. Ra8 Re5 57. Kf2 Rd5 58. Ra6 Re5 59. Ra8 Rb5
60. Rf8 f5 61. Nd2 Rb2 62. Ke1 Rb4 63. Rg8+ Kf6 64. Rf8+ Ke5 65. Rg8 Kf4 66. Rc8
e5 67. Kf2 Rd4 68. Nf1 Rd3 69. Rc4+ e4 70. fxe4 fxe4 71. Rc8 g4 72. Rf8+ Ke5 73.
Re8+ Kd4 74. Rd8+ Kc3 75. Rc8+ Kb2 76. Rc4 Rf3+ 77. Ke2 Rf4 78. Ne3 g3 79. Nd1+
Kb3 80. Rc3+ Kb4 81. Ne3 Rf2+ 82. Ke1 Kxc3 {White resigns} 0-1

[Event "Team 45 45 League T32"]
[Site "Internet Chess Club"]
[Date "2007.01.30"]
[Round "1"]
[White "baumhauer"]
[Black "winerum"]
[Result "1/2-1/2"]
[WhiteElo "2039"]
[BlackElo "1740"]
[ECO "A05"]
[TimeControl "2700+45"]

1. Nf3 Nf6 2. g3 d5 3. Bg2 e6 4. O-O b6 5. d3 Bb7 6. Nbd2 c5 7. Ne5 Nbd7 8. Nxd7
Qxd7 9. f4 Bd6 10. Nf3 O-O 11. e3 Rfd8 12. h3 Qc7 13. Kh2 Rac8 14. Bd2 c4 15.
Rc1 b5 16. a3 Qb6 17. Qe1 Qc6 18. Nd4 Qd7 19. Qf2 a6 20. g4 e5 21. Nf5 exf4 22.
exf4 Bc5 23. Qh4 Bf8 24. Bc3 d4 25. Bxd4 Bxg2 26. Bxf6 gxf6 27. Kxg2 Qc6+ 28.
Kh2 Re8 29. d4 Re2+ 30. Rf2 Rce8 31. Rg1 Rxf2+ 32. Qxf2 Re4 33. Re1 Qe6 34. Re3
a5 35. Qe2 Rxe3 36. Qxe3 Qxe3 37. Nxe3 c3 38. b3 Bxa3 39. Nd5 Bc1 40. Kg3 a4 41.
Nxc3 a3 42. d5 Kf8 43. Kf3 Bb2 44. Na2 Ke7 45. Ke4 Kd6 46. c3 Ba1 47. Kd4 Bb2
48. b4 Ba1 49. h4 f5 50. gxf5 f6 51. Ke4 h5 52. Kd4 Bb2 53. Ke4 Ba1 54. Kd4 Bb2
{Game drawn by mutual agreement} 1/2-1/2

[Event "Team 45 45 League T32"]
[Site "Internet Chess Club"]
[Date "2007.01.18"]
[Round "1"]
[White "makito"]
[Black "bbbad"]
[Result "1-0"]
[WhiteElo "1765"]
[BlackElo "1592"]
[ECO "A68"]
[TimeControl "2700+45"]

1. d4 Nf6 2. c4 c5 3. d5 e6 4. Nc3 exd5 5. cxd5 d6 6. e4 g6 7. f4 Bg7 8. Nf3 Bg4
9. Bd3 O-O 10. O-O Re8 11. h3 Bxf3 12. Qxf3 a6 13. a4 Nbd7 14. Bd2 h5 15. Bc2 c4
16. Be3 Qc7 17. Rad1 Nc5 18. Bd4 Nfd7 19. g4 hxg4 20. hxg4 f6 21. Kg2 Kf7 22. g5
f5 23. exf5 gxf5 24. Qh5+ Kf8 25. Bxg7+ Kxg7 26. Qh6+ Kf7 27. Qh7+ Kf8 28. g6
{Black resigns} 1-0

[Event "Team 45 45 League T32"]
[Site "Internet Chess Club"]
[Date "2007.01.23"]
[Round "1"]
[White "JohnnySP"]
[Black "ETwoEFour"]
[Result "1-0"]
[WhiteElo "1900"]
[BlackElo "1892"]
[ECO "C70"]
[TimeControl "2700+45"]

1. e4 e5 2. Nf3 Nc6 3. Bb5 a6 4. Ba4 b5 5. Bb3 Bc5 6. O-O d6 7. h3 h5 8. a4 Na5
9. c3 Rb8 10. Bc2 Bb6 11. axb5 axb5 12. d4 Qf6 13. dxe5 dxe5 14. Bg5 Qd6 15. Qe2
Ba6 16. Rd1 Qe6 17. b4 Nc4 18. Rxa6 Bxf2+ 19. Qxf2 Qxa6 20. Nbd2 f6 21. Nxc4
bxc4 22. Be3 Nh6 23. Bc5 Nf7 24. Nh4 Qe6 25. Nf5 Rh7 26. Qg3 g5 27. h4 Ra8 28.
Qh3 g4 29. Qe3 Ra6 30. Rd2 Nd6 31. Bxd6 cxd6 32. Bd1 Rd7 33. Be2 d5 34. Rxd5
Rxd5 35. Ng7+ {Black resigns} 1-0

[Event "Team 45 45 League T32"]
[Site "Internet Chess Club"]
[Date "2007.01.21"]
[Round "1"]
[White "billscotty"]
[Black "MrShaw"]
[Result "0-1"]
[WhiteElo "1663"]
[BlackElo "1796"]
[ECO "C02"]
[TimeControl "2700+45"]

1. e4 e6 2. d4 d5 3. e5 c5 4. c3 Nc6 5. Nf3 Bd7 6. Bb5 Nxe5 7. Bxd7+ Nxd7 8. Qa4
Qb6 9. Ne5 Nf6 10. Bg5 Rd8 11. Bxf6 gxf6 12. Nxd7 Rxd7 13. Qb3 Qa6 14. Na3 c4
15. Qb5 Bxa3 16. Qxa6 bxa6 17. bxa3 Rb7 18. O-O Ke7 19. Rfb1 Rhb8 20. Rb4 a5 21.
Rxb7+ Rxb7 22. a4 Kd6 23. Kf1 Rb2 24. f4 Rc2 25. Rb1 Rxc3 26. Rb5 Rd3 27. Rxa5
Rxd4 28. Ra6+ Kc7 29. Rxa7+ Kb6 30. Rxf7 c3 31. Rxf6 c2 32. Rxe6+ Kc5 {White
resigns} 0-1

[Event "Team 45 45 League T32"]
[Site "Internet Chess Club"]
[Date "2007.01.22"]
[Round "1"]
[White "pokerram"]
[Black "joshtournman"]
[Result "1-0"]
[WhiteElo "1703"]
[BlackElo "1433"]
[ECO "C66"]
[TimeControl "2700+45"]

1. e4 e5 2. Nf3 Nc6 3. Bb5 Nf6 4. O-O d6 5. Re1 Be7 6. c3 Bd7 7. d4 a6 8. Ba4
exd4 9. cxd4 Bg4 10. Bxc6+ bxc6 11. h3 Bxf3 12. Qxf3 O-O 13. Nc3 Re8 14. e5 dxe5
15. dxe5 Nd5 16. Rd1 Bb4 17. Nxd5 cxd5 18. Rxd5 Qe7 19. Bf4 Rad8 20. Rxd8 Rxd8
21. Rd1 Rxd1+ 22. Qxd1 g5 23. Bg3 Bc5 24. Qd3 Qe6 25. Qd8+ Kg7 26. Qxg5+ Qg6 27.
Qxg6+ fxg6 28. Kf1 Kf7 29. f4 Ke6 30. Bf2 Be7 31. Ke2 g5 32. g3 gxf4 33. gxf4
Kf5 34. Kf3 c5 35. b3 a5 36. a4 h5 37. Be1 Bd8 38. Bd2 Bb6 39. Bc3 Bc7 40. e6
Kxe6 41. Ke4 Bd8 42. f5+ Kd6 43. Be5+ Ke7 44. Kd5 Kf7 45. Kxc5 Be7+ 46. Kd5 Bb4
47. Kc4 Bd2 48. Bc3 Bxc3 49. Kxc3 Kf6 50. b4 axb4+ 51. Kxb4 Kxf5 52. a5 Kf4 53.
a6 Kg3 54. a7 Kxh3 55. a8=Q h4 56. Qh1+ Kg3 57. Kc3 h3 58. Qg1+ Kf3 59. Qh2 Kg4
60. Kd3 {Black resigns} 1-0

[Event "Team 45 45 League T32"]
[Site "Internet Chess Club"]
[Date "2007.01.23"]
[Round "1"]
[White "chsrules88"]
[Black "Rlopez"]
[Result "1-0"]
[WhiteElo "2039"]
[BlackElo "1728"]
[ECO "B33"]
[TimeControl "2700+45"]

1. e4 c5 2. Nf3 Nc6 3. d4 cxd4 4. Nxd4 Nf6 5. Nc3 e5 6. Ndb5 d6 7. Bg5 a6 8. Na3
b5 9. Nd5 Qa5+ 10. Bd2 Qd8 11. Bg5 Be7 12. Bxf6 Bxf6 13. c3 O-O 14. Nc2 Bg5 15.
Bd3 Be6 16. Nce3 Bxe3 17. Nxe3 d5 18. exd5 Bxd5 19. Nxd5 e4 20. Bc2 Qg5 21. Ne3
Rad8 22. Qg4 Qc5 23. Qxe4 f5 24. Qe6+ Kh8 25. O-O Rde8 26. Qd5 Qb6 27. Bxf5 Re5
28. Qd6 Rd8 29. Qa3 b4 30. cxb4 Nd4 31. Bg4 Qg6 32. Rad1 h5 33. Qc3 Re4 34. Bf5
Ne2+ 35. Kh1 Rxd1 36. Rxd1 Nxc3 37. Bxg6 Nxd1 38. Bxe4 Nxe3 {Black resigns} 1-0

[Event "Team 45 45 League T32"]
[Site "Internet Chess Club"]
[Date "2007.01.18"]
[Round "1"]
[White "David-Carioca"]
[Black "kingfischer57"]
[Result "0-1"]
[WhiteElo "1519"]
[BlackElo "1799"]
[ECO "D94"]
[TimeControl "2700+45"]

1. d4 Nf6 2. c4 g6 3. Nc3 d5 4. Nf3 Bg7 5. e3 c6 6. cxd5 cxd5 7. Be2 O-O 8. O-O
Nc6 9. a3 a6 10. Na4 b6 11. b4 Bd7 12. Bb2 Qc7 13. Rc1 Qb7 14. Ne5 Nxe5 15. dxe5
Bxa4 16. Qxa4 Nd7 17. Rc2 b5 18. Qb3 Nxe5 19. Bxe5 Bxe5 20. Rfc1 e6 21. Rc6 Rac8
22. Qc2 Rxc6 23. Qxc6 Qxc6 24. Rxc6 Ra8 25. a4 bxa4 26. Bd1 a3 27. Bb3 Kf8 28.
Ba2 Ke7 29. b5 axb5 30. Rb6 Ra5 31. g3 Bc3 32. Rc6 b4 33. Rc7+ Kf6 34. Kf1 d4
35. exd4 Bxd4 36. Rc4 Bc3 37. Rf4+ Ke7 38. Rf3 Re5 39. Re3 Rc5 40. Ke2 Re5 41.
h3 Rxe3+ 42. Kxe3 e5 43. g4 f5 44. f3 Kf6 45. f4 exf4+ 46. Kxf4 g5+ 47. Kf3 f4
48. Bb3 Ke5 49. Ba2 Kd4 50. Bg8 h6 51. Bf7 Kd3 {White resigns} 0-1

[Event "Team 45 45 League T32"]
[Site "Internet Chess Club"]
[Date "2007.01.20"]
[Round "1"]
[White "tourettes"]
[Black "AVEMARIA"]
[Result "1-0"]
[WhiteElo "1827"]
[BlackElo "1803"]
[ECO "B23"]
[TimeControl "2700+45"]

1. e4 c5 2. Nc3 e6 3. g3 d5 4. exd5 exd5 5. d4 Nf6 6. Bg5 cxd4 7. Qxd4 Nc6 8.
Qd2 Be6 9. Bg2 Bb4 10. a3 Qa5 11. Bxf6 gxf6 12. Nge2 O-O-O 13. O-O Bxc3 14. bxc3
h5 15. h4 Bg4 16. Nd4 Rhe8 17. Rfb1 Qc5 18. Rb5 Qe7 19. Rab1 Rd7 20. Bxd5 Rxd5
21. Rxd5 Qe4 22. Nb5 Re6 23. Nxa7+ Kb8 24. Nxc6+ Rxc6 25. Re1 Qf3 {Black
resigns} 1-0

[Event "Team 45 45 League T32"]
[Site "Internet Chess Club"]
[Date "2007.01.18"]
[Round "1"]
[White "hondocando"]
[Black "crankn8tr"]
[Result "1-0"]
[WhiteElo "1580"]
[BlackElo "1595"]
[ECO "B01"]
[TimeControl "2700+45"]

1. e4 d5 2. Nc3 dxe4 3. Nxe4 Qd5 4. Qf3 Nc6 5. b3 Nd4 6. Qd3 c6 7. c3 Ne6 8.
Qxd5 cxd5 9. Ng3 Nf6 10. Nf3 g6 11. d4 Bg7 12. Ne5 O-O 13. Bd3 Nd7 14. f4 Nxe5
15. fxe5 f6 16. exf6 Bxf6 17. O-O Nxd4 18. Rxf6 Rxf6 19. cxd4 Bd7 20. Bg5 Re6
21. Ne2 Kg7 22. Bf4 Rc8 23. Be5+ Kg8 24. Nf4 Rec6 25. Nxd5 Rc1+ 26. Rxc1 Rxc1+
27. Kf2 e6 28. Nf6+ {Black resigns} 1-0

[Event "Team 45 45 League T32"]
[Site "Internet Chess Club"]
[Date "2007.01.21"]
[Round "1"]
[White "Legal"]
[Black "BigNEazy"]
[Result "0-1"]
[WhiteElo "2044"]
[BlackElo "2218"]
[ECO "B40"]
[TimeControl "2700+45"]

1. e4 c5 2. Nf3 e6 3. Nc3 a6 4. g3 Nc6 5. Bg2 g6 6. d4 cxd4 7. Nxd4 Bg7 8. Nxc6
bxc6 9. O-O d5 10. Be3 Ne7 11. Bc5 O-O 12. Re1 Re8 13. Qe2 d4 14. Rad1 e5 15.
Nb1 Qa5 16. Ba3 Be6 17. b3 c5 18. Qd2 Qb6 19. Bf1 Rac8 20. Bc4 Bxc4 21. bxc4 Rb8
22. Qd3 Nc8 23. Nd2 Qa5 24. Rb1 Nd6 25. Kg2 Bh6 26. Rxb8 Rxb8 27. Rb1 Rxb1 28.
Nxb1 Qe1 29. Qb3 Nxe4 30. Qb8+ Bf8 31. Qxe5 Qxf2+ 32. Kh3 Qf3 33. Qd5 Nf2+ 34.
Kh4 Qg4# {White checkmated} 0-1

[Event "Team 45 45 League T32"]
[Site "Internet Chess Club"]
[Date "2007.01.21"]
[Round "1"]
[White "upturnedcircle"]
[Black "steve"]
[Result "1-0"]
[WhiteElo "2016"]
[BlackElo "1966"]
[ECO "D90"]
[TimeControl "2700+45"]

1. d4 g6 2. c4 Nf6 3. Nf3 Bg7 4. Nc3 d5 5. cxd5 Nxd5 6. g3 Nxc3 7. bxc3 O-O 8.
Bg2 c5 9. O-O Nc6 10. e3 Be6 11. Qa4 Qa5 12. Qxa5 Nxa5 13. Ba3 Bc4 14. Rfc1 b6
15. dxc5 b5 16. Bb4 Nc6 17. Nd4 Bxd4 18. exd4 Rac8 19. f4 e6 20. a4 a5 21. axb5
axb4 22. Bxc6 b3 23. Rcb1 Rc7 24. Be4 Bxb5 25. Rxb3 Bc4 26. Rb4 Bd5 27. Bxd5
exd5 28. Rb6 Re8 29. Rd6 Re2 30. Rxd5 Rb7 31. Re5 Rc2 32. Kf1 Rbb2 33. Ra8+ Kg7
34. Rae8 Rxc3 35. Re2 Rb4 36. Rd2 Rcc4 37. d5 Rb1+ 38. Kg2 Rxc5 39. d6 Rcc1 40.
d7 Rg1+ 41. Kh3 Rb5 42. d8=Q Rh5+ 43. Kg4 Rf1 44. Rg8+ Kh6 45. Qf8# {Black
checkmated} 1-0

[Event "Team 45 45 League T32"]
[Site "Internet Chess Club"]
[Date "2007.01.21"]
[Round "1"]
[White "chsrules88"]
[Black "DocHoliday"]
[Result "1-0"]
[WhiteElo "2034"]
[BlackElo "1979"]
[ECO "B34"]
[TimeControl "2700+45"]

1. e4 c5 2. Nf3 Nc6 3. d4 cxd4 4. Nxd4 g6 5. Nc3 Bg7 6. Be3 Nf6 7. Be2 O-O 8.
O-O d5 9. exd5 Nxd5 10. Nxd5 Qxd5 11. Bf3 Qc4 12. Nxc6 bxc6 13. c3 Be6 14. Re1
Rfd8 15. Qc2 Bd5 16. Be2 Qe4 17. Qxe4 Bxe4 18. f3 Bf5 19. Bc4 a5 20. Bg5 h6 21.
Bxe7 Rd2 22. Ba3 Bf6 23. Rad1 Rad8 24. Re8+ Rxe8 25. Rxd2 Bg5 26. Rd6 Be7 27.
Rxc6 Bxa3 28. bxa3 Re3 29. Kf2 Re5 30. g4 Bd7 31. Rxg6+ {Black resigns} 1-0

[Event "Team 45 45 League T32"]
[Site "Internet Chess Club"]
[Date "2007.01.28"]
[Round "1"]
[White "Nomad"]
[Black "YoniK"]
[Result "0-1"]
[WhiteElo "1960"]
[BlackElo "2130"]
[ECO "C95"]
[TimeControl "2700+45"]

1. e4 e5 2. Nf3 Nc6 3. Bb5 a6 4. Ba4 Nf6 5. O-O Be7 6. Re1 b5 7. Bb3 O-O 8. h3
d6 9. c3 Nb8 10. d4 Nbd7 11. a4 Bb7 12. Nbd2 c5 13. d5 c4 14. Bc2 Nc5 15. b3
cxb3 16. Bxb3 Qc7 17. axb5 axb5 18. Ba3 Nd3 19. Re3 Nf4 20. Nf1 Ra6 21. Bb4 Rxa1
22. Qxa1 Ra8 23. Qb2 Nd7 24. Ng3 g6 25. Ne2 Nh5 26. Bc2 Nb6 27. Bd3 Nc4 28. Bxc4
Qxc4 29. Nxe5 dxe5 30. Bxe7 Ra2 31. Qb4 Qxb4 32. cxb4 f5 33. f3 f4 34. Rc3 Rxe2
35. Rc7 Ng3 36. Rc1 Kf7 37. d6 Ke6 38. Kh2 Rb2 39. Rd1 Bc6 40. Bh4 Rxb4 41. Bxg3
fxg3+ 42. Kxg3 Rd4 43. Rb1 b4 44. Rb2 Ba4 45. Kg4 b3 46. Kg5 Rc4 47. g4 Rc2 48.
Rb1 Kxd6 49. h4 Rc7 50. h5 gxh5 51. Kxh5 Ke6 52. g5 Kf7 53. Kh6 Kg8 54. Kh5 Kg7
55. Kg4 Rb7 56. f4 exf4 57. Kxf4 b2 {White resigns} 0-1

[Event "Team 45 45 League T32"]
[Site "Internet Chess Club"]
[Date "2007.01.19"]
[Round "1"]
[White "Terte"]
[Black "azbycx"]
[Result "1/2-1/2"]
[WhiteElo "1932"]
[BlackElo "1983"]
[ECO "B22"]
[TimeControl "2700+45"]

1. e4 c5 2. c3 d5 3. exd5 Qxd5 4. d4 Nf6 5. Nf3 Nc6 6. c4 Qe4+ 7. Be3 cxd4 8.
Nxd4 e5 9. Nc3 Bb4 10. Ne2 Qxc4 11. a3 Bxc3+ 12. Nxc3 Qg4 13. Qd6 a6 14. Be2 Qe6
15. Bc5 Qxd6 16. Bxd6 Be6 17. O-O Nd7 18. Bf3 f5 19. Nd5 Rc8 20. Nc7+ Kf7 21.
Bxc6 bxc6 22. Rac1 c5 23. Rfd1 a5 24. Nd5 Rc6 25. Nc3 Ra8 26. Rd2 Raa6 27. Nb5
Rab6 28. a4 Rb7 29. Re1 Kf6 30. Re3 e4 31. Rc3 Rbb6 32. f3 exf3 33. gxf3 g5 34.
f4 g4 35. Kf2 h5 36. Kg3 Kf7 37. Kh4 Nf6 38. Bxc5 Rb7 39. Nd6+ Rxd6 40. Bxd6 Ne4
41. Rcd3 Nxd2 42. Rxd2 {Game drawn by mutual agreement} 1/2-1/2

[Event "Team 45 45 League T32"]
[Site "Internet Chess Club"]
[Date "2007.01.19"]
[Round "1"]
[White "elnik"]
[Black "ARMADAMEXICO"]
[Result "1/2-1/2"]
[WhiteElo "1911"]
[BlackElo "1853"]
[ECO "D31"]
[TimeControl "2700+45"]

1. d4 d5 2. c4 e6 3. Nc3 Bb4 4. a3 Bxc3+ 5. bxc3 b6 6. cxd5 exd5 7. Nf3 Ba6 8.
g3 Ne7 9. Bg2 O-O 10. O-O Nd7 11. Re1 Ng6 12. Qa4 Bc4 13. Nd2 b5 14. Qc2 Nb6 15.
e4 Re8 16. e5 Qd7 17. f4 f6 18. f5 Nxe5 19. dxe5 fxe5 20. Nxc4 Nxc4 21. Qd3 Rad8
22. Bg5 e4 23. Qd1 Rc8 24. Bxe4 c6 25. Bc2 Qd6 26. Bf4 Qc5+ 27. Qd4 Qb6 28. Qxb6
axb6 29. a4 bxa4 30. Bxa4 Rf8 31. Bc2 c5 32. Ra7 Rfe8 33. Ree7 Rxe7 34. Rxe7 Rf8
35. Rd7 Na3 36. Bd1 Nb5 37. Bf3 Nxc3 38. Be5 Rxf5 39. Bxc3 Rxf3 40. Bxg7 b5
{Game drawn by mutual agreement} 1/2-1/2

[Event "Team 45 45 League T32"]
[Site "Internet Chess Club"]
[Date "2007.01.21"]
[Round "1"]
[White "chiiwen"]
[Black "alexcolins"]
[Result "1/2-1/2"]
[WhiteElo "1834"]
[BlackElo "1936"]
[ECO "B26"]
[TimeControl "2700+45"]

1. e4 c5 2. Nc3 g6 3. g3 Bg7 4. Bg2 Nc6 5. d3 d6 6. Be3 Nf6 7. h3 Bd7 8. Qd2 Rb8
9. Bh6 O-O 10. Bxg7 Kxg7 11. Nge2 b5 12. O-O e5 13. f4 Nd4 14. Nxd4 cxd4 15. Ne2
Qc8 16. f5 h6 17. g4 g5 18. Bf3 Bc6 19. Kh2 d5 20. Ng3 dxe4 21. Bxe4 Bxe4 22.
Nxe4 Nxe4 23. dxe4 f6 24. Kg2 Qc6 25. Qd3 Rbc8 26. Rac1 b4 27. h4 a5 28. hxg5
hxg5 29. Rh1 Rh8 30. Rxh8 Rxh8 31. Rh1 a4 32. Rxh8 Kxh8 33. Kf3 Kg7 34. Kf2 Kf8
35. Ke2 Ke7 36. Kd2 Kd6 37. c3 bxc3+ 38. bxc3 Qxc3+ 39. Qxc3 dxc3+ 40. Kxc3 Kc5
41. a3 {Game drawn by mutual agreement} 1/2-1/2

[Event "Team 45 45 League T32"]
[Site "Internet Chess Club"]
[Date "2007.01.21"]
[Round "1"]
[White "pokerram"]
[Black "NESKAYA"]
[Result "1-0"]
[WhiteElo "1697"]
[BlackElo "1640"]
[ECO "C42"]
[TimeControl "2700+45"]

1. e4 e5 2. Nf3 Nf6 3. Nxe5 d6 4. Nf3 Nxe4 5. d4 d5 6. Bd3 Bd6 7. O-O O-O 8. c4
c6 9. Nc3 Re8 10. cxd5 cxd5 11. Re1 f5 12. Bb5 Nc6 13. Bxc6 bxc6 14. Bg5 Be7 15.
Bxe7 Rxe7 16. Ne5 Bd7 17. f3 Nf6 18. Re2 Qc7 19. Qd2 Rae8 20. Rae1 Bc8 21. Qd3
g6 22. b4 Nd7 23. f4 Nb8 24. Rc2 a5 25. Nxd5 cxd5 26. Rxc7 Rxc7 27. b5 Nd7 28.
Qd2 Nb6 29. Qxa5 Re6 30. Qd2 Kg7 31. Rc1 Ree7 32. Rxc7 Rxc7 33. Qa5 Rc1+ 34. Kf2
Rc2+ 35. Kg3 Nd7 36. Qa7 Kh6 37. Nxd7 {Black resigns} 1-0

[Event "Team 45 45 League T32"]
[Site "Internet Chess Club"]
[Date "2007.01.19"]
[Round "1"]
[White "ogoon"]
[Black "nanning"]
[Result "1-0"]
[WhiteElo "1642"]
[BlackElo "1536"]
[ECO "B44"]
[TimeControl "2700+45"]

1. e4 c5 2. Nf3 Nc6 3. d4 cxd4 4. Nxd4 e6 5. a3 Qc7 6. Nc3 a6 7. Bg5 Nf6 8. Nb3
Be7 9. Bd3 O-O 10. Qd2 b5 11. Bf4 d6 12. Qe3 e5 13. Bg3 Nh5 14. Nd5 Qd8 15. Qb6
Qxb6 16. Nxb6 Rb8 17. Nxc8 Rfxc8 18. O-O Nxg3 19. fxg3 Bd8 20. a4 Bb6+ 21. Kh1
Nd4 22. axb5 Nxb3 23. cxb3 axb5 24. Bxb5 Bd4 25. Bc4 Rc7 26. Rab1 Kf8 27. h4 f6
28. g4 h6 29. g5 hxg5 30. hxg5 Ke7 31. gxf6+ gxf6 32. g3 Ra7 33. Kg2 Ra2 34. Rh1
Rf8 35. Rh7+ Kd8 36. Rb7 Bxb2 37. b4 Bd4+ 38. Bxa2 {Black resigns} 1-0

[Event "Team 45 45 League T32"]
[Site "Internet Chess Club"]
[Date "2007.01.21"]
[Round "1"]
[White "Pawndemonium"]
[Black "MarcoDeSade"]
[Result "1/2-1/2"]
[WhiteElo "1500"]
[BlackElo "1476"]
[ECO "A05"]
[TimeControl "2700+45"]

1. Nf3 Nf6 2. g3 d5 3. Bg2 c5 4. d3 e6 5. O-O b6 6. c4 Bb7 7. Bg5 Be7 8. Nbd2
O-O 9. e3 dxc4 10. Nxc4 Nd5 11. Bxe7 Qxe7 12. a3 Nd7 13. Rc1 Rac8 14. Qd2 Rfd8
15. Rfe1 N5f6 16. d4 cxd4 17. Nxd4 Bxg2 18. Kxg2 Nc5 19. Qe2 Qb7+ 20. Kg1 a6 21.
b4 Nce4 22. f3 Nd6 23. Kf2 Nxc4 24. Rxc4 Rxc4 25. Qxc4 Rc8 26. Qd3 b5 27. Re2 g6
28. e4 Rd8 29. Qe3 Qb6 30. Nf5 Qc7 31. Nh6+ Kg7 32. Rd2 Rxd2+ 33. Qxd2 Nd7 34.
Ng4 f5 35. Qd4+ e5 36. Nxe5 Nxe5 37. f4 Kf6 38. exf5 Kxf5 39. fxe5 Ke6 40. Qg4+
Kd5 41. e6 Qb6+ 42. Kf3 Qxe6 43. Qxe6+ Kxe6 44. Ke4 h6 45. g4 Kd6 46. h4 Ke6 47.
h5 gxh5 48. gxh5 Kf6 49. Kf4 Ke6 {Game drawn by mutual agreement} 1/2-1/2

[Event "Team 45 45 League T32"]
[Site "Internet Chess Club"]
[Date "2007.01.20"]
[Round "1"]
[White "steinitz"]
[Black "Bookkeeper"]
[Result "0-1"]
[WhiteElo "1522"]
[BlackElo "1486"]
[ECO "A41"]
[TimeControl "2700+45"]

1. d4 d6 2. Bf4 Nf6 3. e3 g6 4. h3 Bg7 5. Nf3 O-O 6. Bc4 c5 7. c3 Qb6 8. Qb3
cxd4 9. Qxb6 axb6 10. cxd4 Bd7 11. Nc3 Nc6 12. O-O Rfc8 13. Be2 Na5 14. Rfc1 Nc4
15. b3 Na3 16. Ne1 b5 17. Nd3 Rc7 18. Bf3 Rac8 19. Ne2 Rc2 20. Nb4 R2c7 21. Rxc7
Rxc7 22. Rc1 Rxc1+ 23. Nxc1 b6 24. Ne2 Bf5 25. Nc3 Nc2 26. Nxc2 Bxc2 27. Nxb5
Nd7 28. Kf1 e5 29. dxe5 dxe5 30. Bg3 Nc5 31. Ke1 e4 32. Bd1 Bb1 33. a4 Bd3 34.
b4 Na6 35. Bd6 f5 36. Nd4 Bf8 37. Bxf8 Kxf8 38. b5 Nc5 39. Kd2 Bc4 40. g4 fxg4
41. hxg4 Ke7 42. Kc3 Bf1 43. Nc6+ Kd6 44. Kd4 Bg2 45. Bc2 Bf3 46. g5 Ne6+ 47.
Kc4 Nxg5 48. Nd4 h5 49. Nxf3 exf3 50. Bxg6 h4 51. Bf5 h3 52. Bxh3 Nxh3 53. Kd3
Nxf2+ 54. Kd2 Ng4 55. e4 Kc5 56. Kd3 Kb4 57. a5 Kxa5 58. e5 Nxe5+ 59. Ke3 Kxb5
60. Kd2 Kc4 61. Ke3 b5 62. Kd2 b4 63. Ke3 Kc3 64. Kf2 b3 65. Ke3 b2 66. Kf2 b1=Q
67. Ke3 Qe1+ 68. Kf4 f2 69. Kg5 f1=Q 70. Kh5 Qg3 71. Kh6 Qh1# {White checkmated}
0-1

[Event "Team 45 45 League T32"]
[Site "Internet Chess Club"]
[Date "2007.01.21"]
[Round "1"]
[White "HoHo"]
[Black "Jozin"]
[Result "1/2-1/2"]
[WhiteElo "1690"]
[BlackElo "1638"]
[ECO "C42"]
[TimeControl "2700+45"]

1. e4 e5 2. Nf3 Nf6 3. Nxe5 d6 4. Nf3 Nxe4 5. Bc4 d5 6. Be2 Be7 7. d4 Bg4 8. Be3
Nd7 9. Nbd2 Nxd2 10. Qxd2 Nf6 11. O-O O-O 12. Ne5 Ne4 13. Qd1 Bxe2 14. Qxe2 c6
15. f3 Nd6 16. b3 Re8 17. Qd2 Nf5 18. Bf2 Bf6 19. Ng4 Bg5 20. Qd3 Nh6 21. Nxh6+
Bxh6 22. Rad1 Qd6 23. c4 Re6 24. Bg3 Bf4 25. Bxf4 Qxf4 26. Rde1 dxc4 27. bxc4
Rae8 28. Qd1 Rxe1 29. Rxe1 Rxe1+ 30. Qxe1 Qxd4+ 31. Kh1 Qd8 32. h3 Kf8 {Game
drawn by mutual agreement} 1/2-1/2

[Event "Team 45 45 League T32"]
[Site "Internet Chess Club"]
[Date "2007.01.19"]
[Round "1"]
[White "chicopee-ed"]
[Black "quotha"]
[Result "1-0"]
[WhiteElo "1514"]
[BlackElo "1592"]
[ECO "D04"]
[TimeControl "2700+45"]

1. d4 d5 2. Nf3 Nf6 3. e3 Bf5 4. c4 e6 5. Nc3 Be7 6. Qb3 b6 7. cxd5 exd5 8. Bd2
O-O 9. Be2 Nc6 10. a3 a5 11. Rc1 Na7 12. Nb5 Nxb5 13. Bxb5 Be4 14. Be2 a4 15.
Qd1 Bd6 16. O-O Qd7 17. b4 axb3 18. Qxb3 Rxa3 19. Qb5 Qxb5 20. Bxb5 Bxf3 21.
gxf3 Ra2 22. Rfd1 Rfa8 23. Bc6 Rb8 24. Ra1 Rxa1 25. Rxa1 Kf8 26. Re1 b5 27. e4
dxe4 28. fxe4 Ba3 29. Bf4 Rb6 30. d5 Ne8 31. e5 f6 32. exf6 Nxf6 33. Bxc7 Ra6
34. Bxb5 Ra7 35. Ra1 Rxc7 36. Rxa3 Nxd5 37. Ra6 Nf4 38. Ra4 g5 39. Ra8+ Kg7 40.
Rd8 Rc1+ 41. Bf1 h5 42. Rd7+ Kg6 43. Rd6+ Kf5 44. Rd8 Kg4 45. Ra8 {Black got
disconnected and forfeits} 1-0

[Event "Team 45 45 League T32"]
[Site "Internet Chess Club"]
[Date "2007.01.19"]
[Round "1"]
[White "jacknor"]
[Black "Klondike"]
[Result "1/2-1/2"]
[WhiteElo "1535"]
[BlackElo "1559"]
[ECO "A10"]
[TimeControl "2700+45"]

1. c4 g6 2. g3 Bg7 3. Bg2 d6 4. Nc3 c5 5. e4 Nc6 6. Nge2 e6 7. O-O Nge7 8. d3
O-O 9. Be3 Nd4 10. Qd2 Nec6 11. Bh6 Nxe2+ 12. Nxe2 Qf6 13. Bxg7 Kxg7 14. Rab1
Nd4 15. b4 Nxe2+ 16. Qxe2 Qd4 17. Qb2 Qxb2 18. Rxb2 e5 19. f4 f6 20. Kf2 b6 21.
Ke3 Be6 22. a3 Rab8 23. Rfb1 Rf7 24. a4 h6 25. bxc5 dxc5 26. a5 Rfb7 27. Bf3 Bc8
28. Bd1 bxa5 29. Rxb7+ Rxb7 30. Ra1 Rc7 31. Rxa5 Bd7 32. Ba4 Bxa4 33. Rxa4 Kf7
34. Ra6 h5 35. h4 Kg7 36. f5 Kf7 37. Kf3 Rd7 38. Ra3 Rb7 39. g4 gxf5 40. exf5
hxg4+ 41. Kxg4 Rd7 42. Kf3 Kg7 43. Ke4 Kh6 44. Ra6 Rd4+ 45. Ke3 Rxh4 46. Rxf6+
Kg5 47. Ra6 Kxf5 48. Rxa7 Rh3+ 49. Kd2 e4 50. dxe4+ Kxe4 51. Rd7 Rh2+ 52. Kc3
Rh3+ 53. Kb2 Rd3 54. Rxd3 Kxd3 55. Kb3 Kd4 56. Kb2 Kxc4 57. Kc2 Kd4 58. Kd2 Ke4
59. Kc3 Kd5 60. Kd3 c4+ 61. Kc3 Kc5 62. Kc2 Kd4 63. Kd2 c3+ 64. Kc2 Kc4 65. Kc1
Kd3 66. Kd1 Kc4 67. Kc2 Kb4 68. Kc1 Kb3 69. Kb1 {Game drawn by mutual agreement}
1/2-1/2

[Event "Team 45 45 League T32"]
[Site "Internet Chess Club"]
[Date "2007.01.20"]
[Round "1"]
[White "EddieAdams"]
[Black "alaskauk"]
[Result "1/2-1/2"]
[WhiteElo "1507"]
[BlackElo "1517"]
[ECO "C26"]
[TimeControl "2700+45"]

1. e4 e5 2. Nc3 Nf6 3. g3 d5 4. exd5 Nxd5 5. Bg2 Nxc3 6. bxc3 c6 7. Nf3 Bd6 8.
O-O Nd7 9. d4 Qc7 10. Re1 O-O 11. Qd3 Re8 12. Ng5 Nf8 13. Be4 g6 14. Bg2 Bf5 15.
Ne4 Re6 16. Qf3 Bxe4 17. Rxe4 exd4 18. cxd4 Rxe4 19. Qxe4 Qd7 20. Bb2 Re8 21.
Qf3 Qe7 22. Kf1 Qe6 23. Qb3 Qxb3 24. axb3 a6 25. d5 c5 26. c4 Nd7 27. Re1 Rxe1+
28. Kxe1 Be5 29. Bc1 Kg7 30. Ke2 b5 31. f4 Bd6 32. Kd3 b4 {Game drawn by mutual
agreement} 1/2-1/2